| TOP OF THE 1ST |
|
Missoula Osprey batting - Pitching for Washington (APP) Nationals : RHP Greg Hall
|
|
Pitching: RHP Greg Hall
|
|
|
Batting: RHB Hyeok Shon
|
0-0: Called Strike 0-1: Ball 1-1: Ball 2-1: Foul Ball, location: 2F 2-2: Ball 3-2: Strikes out swinging
|
|
Batting: RHB Orlando Florez
|
0-0: Ball 1-0: Swinging Strike 1-1: Ball 2-1: Foul Ball, location: 2F 2-2: Ball 3-2: Foul Ball, location: 2F 3-2: Ground out 6-3 (Groundball, 6M, EV 90.6 MPH)
|
|
Batting: SHB Ed Vargas
|
0-0: Ball 1-0: Ball 2-0: Called Strike 2-1: Swinging Strike 2-2: Strikes out swinging
|
| Top of the 1st over - 0 runs, 0 hits, 0 errors, 0 left on base; Missoula 0 - Washington (APP) 0 |
| BOTTOM OF THE 1ST |
|
Washington (APP) Nationals batting - Pitching for Missoula Osprey : RHP Jordan Rondon
|
|
Pitching: RHP Jordan Rondon
|
|
|
Batting: RHB Bobby Bricker
|
0-0: Called Strike 0-1: Ground out 4-3 (Groundball, 4D, EV 77.5 MPH)
|
|
Batting: RHB Leo Gutierrez
|
0-0: Called Strike 0-1: Ball 1-1: Ball 2-1: Called Strike 2-2: Fly out, F3 (Popup, 3F, EV 54.4 MPH)
|
|
Batting: LHB Chance McWilliams
|
0-0: Ball 1-0: Called Strike 1-1: Hit by Pitch
|
|
Batting: RHB Antonio Laurel
|
0-0: Called Strike 0-1: Ball 1-1: Ball 2-1: Foul Ball, location: 2F 2-2: Ball 3-2: Foul Ball, location: 2F 3-2: SINGLE (Groundball, 34D, EV 101.9 MPH) Chance McWilliams to second Chance McWilliams to third
|
|
Batting: RHB Antonio Vallez
|
0-0: Ball 1-0: Foul Ball, location: 2F 1-1: Foul Ball, location: 2F 1-2: Foul Ball, location: 2F 1-2: Ball 2-2: Strikes out swinging
|
| Bottom of the 1st over - 0 runs, 1 hit, 0 errors, 2 left on base; Missoula 0 - Washington (APP) 0 |
| TOP OF THE 2ND |
|
Missoula Osprey batting - Pitching for Washington (APP) Nationals : RHP Greg Hall
|
|
Batting: RHB D.J. Cooke
|
0-0: Ball 1-0: Ball 2-0: Ball 3-0: Called Strike 3-1: Foul Ball, location: 2F 3-2: Base on Balls
|
|
Batting: LHB Dallas Kelly
|
0-0: Foul Ball, location: 2F 0-1: Ball 1-1: Ball 2-1: Ball 3-1: Called Strike 3-2: DOUBLE (Line Drive, 7LM, EV 101.9 MPH) D.J. Cooke to third D.J. Cooke scores
|
|
Batting: RHB Edwin Romero
|
0-0: SINGLE (Line Drive, 56D, EV 103.1 MPH) Dallas Kelly to third
|
|
Batting: RHB Daniel Rivera
|
0-0: Ball 1-0: Called Strike 1-1: Ball 2-1: Foul Ball, location: 2F 2-2: Strikes out swinging
|
|
Batting: SHB Ethan Newby
|
0-0: SINGLE (Groundball, 6D, EV 97.5 MPH) Dallas Kelly scores Edwin Romero to second
|
|
Batting: RHB Zach Espinosa
|
0-0: Foul Ball, location: 2F 0-1: Ball 1-1: Grounds into double play, 4-6-3 (Groundball, 4, EV 91.9 MPH)
|
| Top of the 2nd over - 2 runs, 3 hits, 0 errors, 1 left on base; Missoula 2 - Washington (APP) 0 |
| BOTTOM OF THE 2ND |
|
Washington (APP) Nationals batting - Pitching for Missoula Osprey : RHP Jordan Rondon
|
|
Batting: RHB Tylor Cyr
|
0-0: Ball 1-0: Foul Ball, location: 2F 1-1: SOLO HOME RUN (Flyball, 9D, EV 98.1 MPH), Distance : 377 ft
|
|
Batting: RHB Derek Moran
|
0-0: Ground out 6-3 (Groundball, 6, EV 90.0 MPH)
|
|
Batting: RHB Justin Van Houten
|
0-0: SINGLE (Groundball, 25, EV 62.5 MPH) (infield hit)
|
|
Batting: RHB Jelexiz Cuenca
|
0-0: Fly out, F8 (Flyball, 8LM, EV 94.4 MPH)
|
|
Batting: RHB Bobby Bricker
|
0-0: Called Strike Justin Van Houten steals 2nd base 0-1: Ball 1-1: Called Strike 1-2: Strikes out swinging
|
| Bottom of the 2nd over - 1 run, 2 hits, 0 errors, 1 left on base; Missoula 2 - Washington (APP) 1 |
| TOP OF THE 3RD |
|
Missoula Osprey batting - Pitching for Washington (APP) Nationals : RHP Greg Hall
|
|
Batting: RHB Hyeok Shon
|
0-0: Called Strike 0-1: Ball 1-1: Ball 2-1: SINGLE (Line Drive, 8LS, EV 99.4 MPH)
|
|
Batting: RHB Orlando Florez
|
0-0: Called Strike 0-1: Ball 1-1: Ball 2-1: Called Strike Hyeok Shon is caught stealing 2nd base 2-4 2-2: Ball 3-2: Foul Ball, location: 2F 3-2: Ground out 1-3 (Groundball, 13S, EV 63.8 MPH)
|
|
Batting: SHB Ed Vargas
|
0-0: Ball 1-0: Ball 2-0: Called Strike 2-1: Ball 3-1: Ground out U3 (Groundball, 3, EV 91.2 MPH)
|
| Top of the 3rd over - 0 runs, 1 hit, 0 errors, 0 left on base; Missoula 2 - Washington (APP) 1 |
| BOTTOM OF THE 3RD |
|
Washington (APP) Nationals batting - Pitching for Missoula Osprey : RHP Jordan Rondon
|
|
Batting: RHB Leo Gutierrez
|
0-0: Ball 1-0: Ground out 6-3 (Groundball, 6, EV 104.4 MPH)
|
|
Batting: LHB Chance McWilliams
|
0-0: Swinging Strike 0-1: Foul Ball, location: 2F 0-2: Ball 1-2: Ground out U3 (Groundball, 3L, EV 82.5 MPH)
|
|
Batting: RHB Antonio Laurel
|
0-0: Called Strike 0-1: Ball 1-1: SINGLE (Groundball, 56D, EV 101.2 MPH)
|
|
Batting: RHB Antonio Vallez
|
0-0: Ball 1-0: Called Strike 1-1: Ball 2-1: Called Strike 2-2: Ball 3-2: Fly out, F9 (Flyball, 9S, EV 91.9 MPH)
|
| Bottom of the 3rd over - 0 runs, 1 hit, 0 errors, 1 left on base; Missoula 2 - Washington (APP) 1 |
| TOP OF THE 4TH |
|
Missoula Osprey batting - Pitching for Washington (APP) Nationals : RHP Greg Hall
|
|
Batting: RHB D.J. Cooke
|
0-0: Swinging Strike 0-1: Foul Ball, location: 2F 0-2: Strikes out swinging
|
|
Batting: LHB Dallas Kelly
|
0-0: Called Strike 0-1: Ground out 4-3 (Groundball, 4, EV 92.5 MPH)
|
|
Batting: RHB Edwin Romero
|
0-0: Ground out 5-3 (Groundball, 56, EV 99.4 MPH)
|
| Top of the 4th over - 0 runs, 0 hits, 0 errors, 0 left on base; Missoula 2 - Washington (APP) 1 |
| BOTTOM OF THE 4TH |
|
Washington (APP) Nationals batting - Pitching for Missoula Osprey : RHP Jordan Rondon
|
|
Batting: RHB Tylor Cyr
|
0-0: Foul Ball, location: 2F 0-1: Ground out 6-3 (Groundball, 6, EV 100.6 MPH)
|
|
Batting: RHB Derek Moran
|
0-0: Ball 1-0: Ball 2-0: Foul Ball, location: 2F 2-1: Ball 3-1: SOLO HOME RUN (Flyball, 78XD, EV 112.5 MPH), Distance : 416 ft
|
|
Batting: RHB Justin Van Houten
|
0-0: Foul Ball, location: 2F 0-1: Ball 1-1: Called Strike 1-2: Ball 2-2: Ball 3-2: Foul Ball, location: 2F 3-2: Strikes out swinging
|
|
Batting: RHB Jelexiz Cuenca
|
0-0: Called Strike 0-1: Ball 1-1: Fly out, F4 (Popup, 4M, EV 75.0 MPH)
|
| Bottom of the 4th over - 1 run, 1 hit, 0 errors, 0 left on base; Missoula 2 - Washington (APP) 2 |
| TOP OF THE 5TH |
|
Missoula Osprey batting - Pitching for Washington (APP) Nationals : RHP Greg Hall
|
|
Batting: RHB Daniel Rivera
|
0-0: Called Strike 0-1: Swinging Strike 0-2: Ground out 6-3 (Groundball, 6, EV 106.9 MPH)
|
|
Batting: SHB Ethan Newby
|
0-0: Called Strike 0-1: Ball 1-1: Ball 2-1: Foul Ball, location: 2F 2-2: Ball 3-2: Base on Balls
|
|
Batting: RHB Zach Espinosa
|
0-0: Called Strike 0-1: Reached on error, E3 (Groundball, 3S, EV 82.5 MPH) Ethan Newby to second
|
|
Batting: RHB Hyeok Shon
|
0-0: Ball 1-0: Ground out 5-3 (Groundball, 5L, EV 80.0 MPH) Ethan Newby to third Zach Espinosa to second
|
|
Batting: RHB Orlando Florez
|
0-0: Called Strike 0-1: Called Strike 0-2: Ball 1-2: 3-RUN HOME RUN (Flyball, 8RXD, EV 113.1 MPH), Distance : 453 ft
|
|
Pitching: RHP Halewijn Bos
|
|
|
Batting: SHB Ed Vargas
|
0-0: Called Strike 0-1: Ground out 4-3 (Groundball, 4, EV 95.6 MPH)
|
| Top of the 5th over - 3 runs, 1 hit, 1 error, 0 left on base; Missoula 5 - Washington (APP) 2 |
| BOTTOM OF THE 5TH |
|
Washington (APP) Nationals batting - Pitching for Missoula Osprey : RHP Jordan Rondon
|
|
Batting: RHB Bobby Bricker
|
0-0: Ball 1-0: Ball 2-0: Called Strike 2-1: Called Strike 2-2: DOUBLE (Line Drive, 89D, EV 96.9 MPH)
|
|
Batting: RHB Leo Gutierrez
|
0-0: Ground out 6-3 (Groundball, 6, EV 80.0 MPH) Bobby Bricker to third
|
|
Batting: LHB Chance McWilliams
|
0-0: Called Strike 0-1: Ground out U3 (Groundball, 3, EV 84.4 MPH)
|
|
Batting: RHB Antonio Laurel
|
0-0: Called Strike 0-1: Foul Ball, location: 2F 0-2: Ball 1-2: Ball 2-2: Foul Ball, location: 2F 2-2: Ball 3-2: Base on Balls
|
|
Batting: RHB Antonio Vallez
|
0-0: Ball 1-0: Ball 2-0: Ball 3-0: Called Strike 3-1: Ground out 4-3 (Groundball, 4, EV 97.5 MPH)
|
| Bottom of the 5th over - 0 runs, 1 hit, 0 errors, 2 left on base; Missoula 5 - Washington (APP) 2 |
| TOP OF THE 6TH |
|
Missoula Osprey batting - Pitching for Washington (APP) Nationals : RHP Halewijn Bos
|
|
Batting: RHB D.J. Cooke
|
0-0: Ball 1-0: Swinging Strike 1-1: Swinging Strike 1-2: Ball 2-2: Ball 3-2: Strikes out looking
|
|
Batting: LHB Dallas Kelly
|
0-0: DOUBLE (Flyball, 78D, EV 89.4 MPH)
|
|
Batting: RHB Edwin Romero
|
0-0: Ball 1-0: Foul Ball, location: 2F 1-1: Ball Wild Pitch! Dallas Kelly to third 2-1: Ball 3-1: Called Strike 3-2: Strikes out looking
|
|
Batting: RHB Daniel Rivera
|
0-0: Ball 1-0: Swinging Strike 1-1: Swinging Strike 1-2: Foul Ball, location: 2F 1-2: Ball 2-2: Strikes out swinging
|
| Top of the 6th over - 0 runs, 1 hit, 0 errors, 1 left on base; Missoula 5 - Washington (APP) 2 |
| BOTTOM OF THE 6TH |
|
Washington (APP) Nationals batting - Pitching for Missoula Osprey : RHP Jordan Rondon
|
|
Batting: RHB Tylor Cyr
|
0-0: Called Strike 0-1: Foul Ball, location: 2F 0-2: Strikes out looking
|
|
Batting: RHB Derek Moran
|
0-0: Ball 1-0: SINGLE (Line Drive, 9LS, EV 93.8 MPH)
|
|
Batting: RHB Justin Van Houten
|
0-0: Called Strike 0-1: Ball 1-1: Called Strike 1-2: Strikes out swinging
|
|
Batting: RHB Jelexiz Cuenca
|
0-0: Ball 1-0: Fielders Choice at 2nd, 5-4 (Groundball, 56, EV 88.8 MPH)
|
| Bottom of the 6th over - 0 runs, 1 hit, 0 errors, 1 left on base; Missoula 5 - Washington (APP) 2 |
| TOP OF THE 7TH |
|
Missoula Osprey batting - Pitching for Washington (APP) Nationals : RHP Halewijn Bos
|
|
Pitching: RHP Omar Perez
|
|
|
Batting: SHB Ethan Newby
|
0-0: Swinging Strike 0-1: Ball 1-1: Ball 2-1: Swinging Strike 2-2: Foul Ball, location: 2F 2-2: Ground out 6-3 (Groundball, 6, EV 86.2 MPH)
|
|
Batting: RHB Zach Espinosa
|
0-0: Ball 1-0: Called Strike 1-1: Ball 2-1: Ball 3-1: Base on Balls
|
|
Batting: RHB Hyeok Shon
|
0-0: Ball 1-0: Ball Wild Pitch! Zach Espinosa to second 2-0: Called Strike 2-1: Ground out 5-3 (Groundball, 56, EV 93.1 MPH)
|
|
Batting: RHB Orlando Florez
|
0-0: 2-RUN HOME RUN (Flyball, 7LD, EV 97.5 MPH), Distance : 369 ft
|
|
Batting: SHB Ed Vargas
|
0-0: Foul Ball, location: 2F 0-1: Foul Ball, location: 2F 0-2: Foul Ball, location: 2F 0-2: Ball 1-2: Ball 2-2: Foul Ball, location: 2F 2-2: Ball 3-2: Fly out, F6 (Line Drive, 6, EV 74.4 MPH)
|
| Top of the 7th over - 2 runs, 1 hit, 0 errors, 0 left on base; Missoula 7 - Washington (APP) 2 |
| BOTTOM OF THE 7TH |
|
Washington (APP) Nationals batting - Pitching for Missoula Osprey : RHP Jordan Rondon
|
|
Pitching: RHP Victor Cisneros
|
|
|
Batting: RHB Bobby Bricker
|
0-0: Ball 1-0: Ground out 5-3 (Groundball, 56, EV 78.8 MPH)
|
|
Batting: RHB Leo Gutierrez
|
0-0: Called Strike 0-1: Ball 1-1: Ball 2-1: Ball 3-1: Base on Balls
|
|
Batting: LHB Chance McWilliams
|
0-0: Ball Leo Gutierrez steals 2nd base 1-0: Ball 2-0: Foul Ball, location: 2F 2-1: DOUBLE (Line Drive, 9LS, EV 103.1 MPH) Leo Gutierrez scores
|
|
Batting: RHB Antonio Laurel
|
0-0: Hit by Pitch
|
|
Batting: RHB Antonio Vallez
|
0-0: Foul Ball, location: 2F 0-1: Ground out 5-3 (Groundball, 5S, EV 69.4 MPH) Chance McWilliams to third Antonio Laurel to second
|
|
Batting: RHB Tylor Cyr
|
0-0: Foul Ball, location: 2F 0-1: Foul Ball, location: 2F 0-2: Ball 1-2: Foul Ball, location: 2F 1-2: Foul Ball, location: 2F 1-2: Ball 2-2: Foul Ball, location: 2F 2-2: 3-RUN HOME RUN (Flyball, 78XD, EV 106.2 MPH), Distance : 427 ft
|
|
Pitching: LHP Cory Youngquist
|
|
|
Batting: RHB Derek Moran
|
0-0: Ball 1-0: Fly out, F9 (Flyball, 9LS, EV 93.1 MPH)
|
| Bottom of the 7th over - 4 runs, 2 hits, 0 errors, 0 left on base; Missoula 7 - Washington (APP) 6 |
| TOP OF THE 8TH |
|
Missoula Osprey batting - Pitching for Washington (APP) Nationals : RHP Omar Perez
|
|
Pitching: RHP Matt Norris
|
|
|
Batting: RHB D.J. Cooke
|
0-0: Ball 1-0: Swinging Strike 1-1: Ball 2-1: Foul Ball, location: 2F 2-2: Ball 3-2: Base on Balls
|
|
Batting: LHB Dallas Kelly
|
0-0: Called Strike D.J. Cooke is caught stealing 2nd base 2-6 0-1: Swinging Strike 0-2: Strikes out swinging
|
|
Batting: RHB Edwin Romero
|
0-0: Called Strike 0-1: Ball 1-1: Ball 2-1: Called Strike 2-2: Foul Ball, location: 2F 2-2: Strikes out swinging
|
| Top of the 8th over - 0 runs, 0 hits, 0 errors, 0 left on base; Missoula 7 - Washington (APP) 6 |
| BOTTOM OF THE 8TH |
|
Washington (APP) Nationals batting - Pitching for Missoula Osprey : LHP Cory Youngquist
|
|
Batting: RHB Justin Van Houten
|
0-0: Foul Ball, location: 2F 0-1: Foul Ball, location: 2F 0-2: SINGLE (Groundball, 6MD, EV 98.8 MPH)
|
|
Pitching: RHP Edwin Martinez
|
|
|
Pinch Hitting: RHB Lamar Thornton
|
0-0: Swinging Strike 0-1: Ball 1-1: Swinging Strike 1-2: Grounds into double play, 6-4-3 (Groundball, 6, EV 100.0 MPH)
|
|
Batting: RHB Bobby Bricker
|
0-0: Foul Ball, location: 2F 0-1: Foul Ball, location: 2F 0-2: Ball 1-2: Ball 2-2: Ball 3-2: Strikes out looking
|
| Bottom of the 8th over - 0 runs, 1 hit, 0 errors, 0 left on base; Missoula 7 - Washington (APP) 6 |
| TOP OF THE 9TH |
|
Missoula Osprey batting - Pitching for Washington (APP) Nationals : RHP Matt Norris
|
|
Pitching: LHP Mike Rosas
|
|
|
Now at SS: Jason Ewert
|
|
|
Batting: RHB Daniel Rivera
|
0-0: Ball 1-0: Ball 2-0: Ball 3-0: Called Strike 3-1: Foul Ball, location: 2F 3-2: Foul Ball, location: 2F 3-2: Foul Ball, location: 2F 3-2: Base on Balls
|
|
Batting: SHB Ethan Newby
|
0-0: Called Strike Pickoff Throw to First - Out! 1-3 0-1: Ball 1-1: Ball 2-1: Ground out 6-3 (Groundball, 4MS, EV 83.1 MPH)
|
|
Batting: RHB Zach Espinosa
|
0-0: Ball 1-0: Ball 2-0: Called Strike 2-1: SOLO HOME RUN (Flyball, 9D, EV 98.1 MPH), Distance : 363 ft
|
|
Batting: RHB Hyeok Shon
|
0-0: Foul Ball, location: 2F 0-1: Swinging Strike 0-2: Foul Ball, location: 2F 0-2: Strikes out swinging
|
| Top of the 9th over - 1 run, 1 hit, 0 errors, 0 left on base; Missoula 8 - Washington (APP) 6 |
| BOTTOM OF THE 9TH |
|
Washington (APP) Nationals batting - Pitching for Missoula Osprey : RHP Edwin Martinez
|
|
Pitching: RHP Moises Baez
|
|
|
Batting: RHB Leo Gutierrez
|
0-0: Ball 1-0: Swinging Strike 1-1: Foul Ball, location: 2F 1-2: Foul Ball, location: 2F 1-2: Strikes out looking
|
|
Batting: LHB Chance McWilliams
|
0-0: Foul Ball, location: 2F 0-1: SOLO HOME RUN (Flyball, 9D, EV 101.9 MPH), Distance : 366 ft
|
|
Batting: RHB Antonio Laurel
|
0-0: Ball 1-0: Foul Ball, location: 2F 1-1: Ball 2-1: Swinging Strike 2-2: Ball 3-2: Base on Balls
|
|
Pinch Hitting: LHB Vince McLane
|
0-0: Called Strike 0-1: Ball 1-1: Ball 2-1: Ball 3-1: Base on Balls Antonio Laurel to second
|
|
Batting: RHB Tylor Cyr
|
0-0: Ball 1-0: Foul Ball, location: 2F 1-1: Ball 2-1: Swinging Strike 2-2: Ball 3-2: Reached on error, E7 (Flyball, 78M, EV 95.0 MPH) Antonio Laurel to third Vince McLane to second
|
|
Batting: RHB Derek Moran
|
0-0: Foul Ball, location: 2F 0-1: Swinging Strike 0-2: SINGLE (Groundball, 6D, EV 105.6 MPH) Antonio Laurel scores Vince McLane to third Tylor Cyr to second
|
|
Batting: RHB Justin Van Houten
|
0-0: Called Strike 0-1: Ball 1-1: Foul Ball, location: 2F 1-2: Ball 2-2: Foul Ball, location: 2F 2-2: Strikes out swinging
|
|
Batting: RHB Jason Ewert
|
0-0: Ball 1-0: Ball 2-0: Ball 3-0: Base on Balls Vince McLane scores Tylor Cyr to third Derek Moran to second
|
| Bottom of the 9th over - 3 runs, 2 hits, 1 error, 3 left on base; Missoula 8 - Washington (APP) 9 |
|